 Dungeon Crawl Stone Soup version 0.21-a0-521-g1cd18d1 (webtiles) character file.

156 slep the Chopper (level 5, -6/42 HPs)
             Began as a Demonspawn Monk on Dec 6, 2017.
             Mangled by a worm (7 damage)
             ... on level 3 of the Dungeon.
             The game lasted 00:06:20 (1833 turns).

slep the Chopper (Demonspawn Monk)                  Turns: 1833, Time: 00:06:21

Health: -6/42      AC: 14    Str: 12    XL:     5   Next: 14%
Magic:  14/14      EV:  6    Int: 11    God:
Gold:   75         SH:  0    Dex: 16    Spells: 4/4 levels left

rFire    . . .     SeeInvis .   a - +0 hand axe
rCold    . . .     Gourm    .   (no shield)
rNeg     . . .     Faith    .   o - +0 chain mail (curse)
rPois    .         Spirit   .   (no helmet)
rElec    .         Reflect  .   (no cloak)
rCorr    .         Harm     .   (no gloves)
MR       .....                  (no boots)
Stlth    ..........             (no amulet)
HPRegen  0.14/turn              p - ring of flight
MPRegen  0.14/turn              r - ring of magical power

@: lethally poisoned (-6 -> -8), sanguine armour
A: powered by pain 1, sanguine armour 1
a: Evoke Flight


You were on level 3 of the Dungeon.
You were not hungry.

You visited 1 branch of the dungeon, and saw 3 of its levels.

You collected 75 gold pieces.

Inventory:

Hand Weapons
 a - a +0 hand axe (weapon)
Armour
 b - a +0 robe
 o - a cursed +0 chain mail (worn)
Jewellery
 p - a ring of flight (left hand)
 r - a ring of magical power (right hand)
Wands
 t - a wand of iceblast (8)
Scrolls
 e - a scroll of magic mapping {unknown}
 f - 3 scrolls of teleportation {unknown}
 i - 2 scrolls of identify {unknown}
 j - a scroll of immolation {unknown}
 q - 2 scrolls of enchant weapon {unknown}
 s - a scroll of blinking {unknown}
Potions
 g - a potion of lignification {unknown}
 h - a potion of berserk rage {unknown}
 k - a potion of brilliance {unknown}
 l - a potion of magic {unknown}
 m - 2 potions of curing {unknown}
 n - 2 potions of flight {unknown}
Comestibles
 c - 3 bread rations
 d - 2 fruits
 u - 2 chunks of flesh


   Skills:
 + Level 3.7 Fighting
 + Level 4.0 Axes
 + Level 3.5 Dodging
 + Level 2.4 Stealth


You had 4 spell levels left.
You didn't know any spells.

Dungeon Overview and Level Annotations

Branches:
Dungeon (3/15)

Altars:


Innate Abilities, Weirdness & Mutations

You sometimes gain a little power by taking damage.
When seriously injured, your bleeding wounds create armour. (AC +6)


Message History

You hit the orc but do no damage.
The orc is almost dead.
You hit the orc. The orc hits you with a hand axe. The orc closely misses you.
You hit the orc.
You kill the orc!
You hit the orc.
You kill the orc!
You feel sick.
The orc priest looks satisfied for a moment.
Your chain mail prevents you from hitting the worm.
The worm completely misses you.
The orc priest looks encouraged for a moment.
You hit the worm but do no damage.
The orc priest invokes the aid of Beogh against you.
Beogh smites you!
* * * LOW HITPOINT WARNING * * *
You barely miss the worm.
* * * LOW HITPOINT WARNING * * *
You feel sick. The worm bites you!
You die...

#(# #.# #.#
#.# #.# #.#
#.#
####.####.##
.....ow@...#
....####)#.#
. ......
..##.#...
### .#...#
.# #.# ## ##


You could see a worm and an orc priest.

Vanquished Creatures
  A centaur (D:2)
  3 adders
  A worm (D:2)
  2 dart slugs (D:1)
  3 orcs (D:3)
  A ball python (D:1)
  2 giant cockroaches (D:2)
  8 goblins
  6 hobgoblins
  7 bats
  A frilled lizard (D:2)
  4 kobolds
  6 rats
45 creatures vanquished.

Notes
Turn   | Place    | Note
-------+----------+-------------------------------------------
     0 | D:1      | slep the Demonspawn Monk began the quest for the Orb.
     0 | D:1      | Reached XP level 1. HP: 18/18 MP: 1/1
   105 | D:1      | Gained mutation: You sometimes gain a little power by taking damage. [demonic ancestry]
   105 | D:1      | Reached XP level 2. HP: 9/24 MP: 2/2
   167 | D:1      | HP: 1/24 [dart slug (2)]
   793 | D:2      | Noticed a centaur
   803 | D:2      | Killed a centaur
   803 | D:2      | Reached skill level 3 in Axes
   803 | D:2      | Reached XP level 3. HP: 3/29 MP: 3/3
   803 | D:2      | Gained mutation: When seriously injured, your bleeding wounds create armour. (AC +6) [demonic ancestry]
   803 | D:2      | Reached XP level 4. HP: 4/35 MP: 4/4
  1576 | D:2      | Reached XP level 5. HP: 28/42 MP: 5/5
  1827 | D:3      | Reached skill level 4 in Axes
  1832 | D:3      | HP: 2/42 [orc priest/divine providence (13)]
  1833 | D:3      | Mangled by a worm

Vault maps used:
D:1:      dpeg_arrival_orchard
D:2:      first_bread

Skill      XL: |  1  2  3  4  5 |
---------------+----------------+-----
Dodging        | 3 |  3.5
Axes           | 3 4 |  4.0
Stealth        | 2 |  2.4
Fighting       | |  3.7

Action                   |  1- 3 |  4- 6 || total
-------------------------+-------+-------++-------
Melee: Hand axe          |    54 |   114 ||   168
 Stab: Sleeping          |     3 |     3 ||     6
  Eat: Chunk             |       |     3 ||     3
Armor: Robe              |    10 |    18 ||    28
       Chain mail        |       |    31 ||    31
Dodge: Dodged            |    41 |    82 ||   123

Table legend:
 A = Spawn XP
 B = Non-spawn XP
 C = Spawn XP percentage of total XP
 D = Spawn monster count
 E = Non-spawn monster count
 F = Spawn count percentage of total count
 G = Total turns spent on level
                    A         B        C        D         E        F      G
               +---------+---------+-------+---------+---------+-------+---------
         Total |       0 |     223 |   0.0 |       0 |      45 |   0.0 |  1833
               +---------+---------+-------+---------+---------+-------+---------
           D:1 |       0 |      27 |   0.0 |       0 |      16 |   0.0 |   793
           D:2 |       0 |     169 |   0.0 |       0 |      21 |   0.0 |   953
           D:3 |       0 |      27 |   0.0 |       0 |       8 |   0.0 |    87
               +---------+---------+-------+---------+---------+-------+---------
